 Dungeon Crawl Stone Soup version 0.29-a0-418-gc0181ea820 (webtiles) character file.

Game seed: 6144840077595072700

709 Hubjo the Magician (level 7, 0/43 HPs)
             Began as a Deep Elf Fire Elementalist on May 17, 2022.
             Was an Initiate of Sif Muna.
             Slain by Edmund
             ... wielding a +2 dire flail of protection
              (7 damage)
             ... on level 6 of the Dungeon.
             The game lasted 00:06:14 (3435 turns).

Hubjo the Magician (Deep Elf Fire Elementalist)     Turns: 3435, Time: 00:06:15

Health: 0/43       AC:  7    Str:  5    XL:     7   Next: 40%
Magic:  0/17       EV: 12    Int: 22    God:    Sif Muna [......]
Gold:   120        SH:  0    Dex: 15    Spells: 16/17 levels left

rFire   . . .      SeeInvis .   c - +3 dagger (speed)
rCold   . . .      Faith    .   (no shield)
rNeg    . . .      Spirit   +   a - +0 robe
rPois   .          Reflect  .   (no helmet)
rElec   .          Harm     .   (no cloak)
rCorr   .          Rampage  .   b - +0 pair of gloves
Will    .....                   (no boots)
Stlth   +++.......              f - amulet of guardian spirit
HPRegen 0.14/turn               d - +4 ring of protection
MPRegen 0.15/turn               (no ring)

@: weak-willed
A: no striking features
a: Renounce Religion


You were on level 6 of the Dungeon.
You worshipped Sif Muna.
Sif Muna was noncommittal.
You visited 1 branch of the dungeon, and saw 5 of its levels.

You collected 120 gold pieces.

Inventory:

Hand Weapons
 c - a +3 dagger of speed (weapon)
Armour
 a - a +0 robe (worn)
 b - a +0 pair of gloves (worn)
Jewellery
 d - a +4 ring of protection (left hand)
 f - an amulet of guardian spirit (around neck)
Wands
 m - a wand of polymorph (7)
Scrolls
 e - a scroll of amnesia
 h - 2 scrolls of fog
 i - a scroll of teleportation
Potions
 g - a potion of attraction
 j - a potion of heal wounds {unknown}
 l - a potion of degeneration


   Skills:
 * Level 4.1 Fighting
 - Level 2.4 Dodging
 + Level 5.3 Stealth
 + Level 5.5 Spellcasting
 - Level 1.1 Conjurations
 + Level 5.1 Fire Magic


You had 16 spell levels left.
You knew the following spells:

 Your Spells              Type           Power      Damage    Failure   Level
a - Foxfire               Conj/Fire      76%        2x1d7     2%          1

Your spell library contained the following spells:

 Spells                   Type           Power      Damage    Failure   Level
 Scorch                   Fire           56%        2d7       1%          2
 Conjure Flame            Conj/Fire      19%        6-21      8%          3
 Inner Flame              Hex/Fire       17%        N/A       10%         3
 Flame Wave               Conj/Fire      19%        2d6       26%         4


Dungeon Overview and Level Annotations

Branches:
Dungeon (6/15)
 Temple: D:4-7

Altars:
Kikubaaqudgha
Sif Muna

Annotations:
D:6 Edmund


Message History

Edmund is heavily wounded.
Casting: Foxfire (safe; 2% risk of failure)
Confirm with . or Enter, or press ? or * to list all spells.
You conjure some foxfire!
Edmund hits you with a +2 dire flail of protection!
* * * LOW HITPOINT WARNING * * *
Casting: Foxfire (safe; 2% risk of failure)
Confirm with . or Enter, or press ? or * to list all spells.
You don't know that spell.
As you read the scroll labelled LOENUTR VODIA, it crumbles to dust.
Magic quickly surges around you.
It was a scroll of vulnerability.
The foxfire hits Edmund.
Edmund is heavily wounded.
The foxfire hits Edmund but does no damage.
Edmund is heavily wounded.
Edmund closely misses you.
As you read the scroll labelled HAIKHL KAGUSS, it crumbles to dust.
It is a scroll of enchant weapon.
Your +2 dagger of speed glows red for a moment.
Edmund closely misses you.
As you read the scroll labelled MATSOW RORYA, it crumbles to dust.
It is a scroll of identify.
l - a potion of degeneration Edmund hits you with a +2 dire flail of protection.
* * * LOW HITPOINT WARNING * * *
Casting: Foxfire (safe; 2% risk of failure)
Confirm with . or Enter, or press ? or * to list all spells.
You conjure some foxfire!
Edmund barely misses you.
You closely miss Edmund.
Edmund is heavily wounded.
The foxfire hits Edmund but does no damage.
Edmund is heavily wounded.
The foxfire hits Edmund.
Edmund is heavily wounded.
Edmund barely misses you.
Casting: Foxfire (safe; 2% risk of failure)
Confirm with . or Enter, or press ? or * to list all spells.
You conjure some foxfire!
Edmund hits you with a +2 dire flail of protection!
You die...

......
....).
......
......
......
....##
....#
#####+###
......
.......v#
......
......@@#
###.##
....?..v#
.#
........#
.
......<.#
........#
##.##..##
## #..
...


You could see Edmund (weak-willed, ally target).

Vanquished Creatures
  Grinder (D:5)
  Sigmund (D:5)
  A necrophage (D:3)
  A hound (D:5)
  A gnoll shaman (D:5)
  2 iguanas (D:5)
  An orc wizard (D:5)
  5 gnolls (D:5)
  7 adders
  A white imp (D:5)
  A dart slug (D:1)
  2 worms (D:2)
  5 orcs (D:5)
  3 bats
  An endoplasm (D:1)
  6 goblins
  2 hobgoblins (D:2)
  2 jackals (D:2)
  2 quokkas
  3 ball pythons (D:1)
  2 frilled lizards
  5 kobolds
  5 rats
60 creatures vanquished.

Vanquished Creatures (collateral kills)
  5 foxfires (D:2)
5 creatures vanquished.

Vanquished Creatures (others)
  393 foxfires
  3 withered plants (D:2)
396 creatures vanquished.

Grand Total: 461 creatures vanquished

Notes
Turn   | Place    | Note
-------+----------+-------------------------------------------
     0 | D:1      | Hubjo the Deep Elf Fire Elementalist began the quest for
                  | the Orb.
     0 | D:1      | Reached XP level 1. HP: 10/10 MP: 6/6
   330 | D:1      | Reached XP level 2. HP: 15/16 MP: 0/8
   563 | D:1      | Reached skill level 1 in Fighting
  1077 | D:2      | Reached XP level 3. HP: 20/20 MP: 5/9
  1221 | D:2      | Found a shimmering blue altar of Sif Muna.
  1235 | D:2      | Became a worshipper of Sif Muna the Loreminder
  1743 | D:2      | Reached XP level 4. HP: 26/26 MP: 3/11
  1983 | D:2      | Found a faded altar of an unknown god.
  2204 | D:3      | Noticed a necrophage
  2213 | D:3      | Killed a necrophage
  2214 | D:3      | Reached XP level 5. HP: 31/31 MP: 4/13
  2310 | D:3      | You fall into a shaft and drop 2 floors!
  2310 | D:5      | Entered Level 5 of the Dungeon
  2357 | D:5      | HP: 2/46 [gnoll/+0 spear[a gnoll shaman] (6)]
  2392 | D:5      | Noticed Grinder
  2403 | D:5      | Killed Grinder
  2404 | D:5      | Reached skill level 5 in Spellcasting
  2404 | D:5      | Reached XP level 6. HP: 10/37 MP: 7/15
  3091 | D:5      | Reached XP level 7. HP: 42/42 MP: 12/16
  3128 | D:5      | Noticed Sigmund
  3133 | D:5      | Killed Sigmund
  3134 | D:5      | Reached skill level 5 in Stealth
  3134 | D:5      | Reached skill level 5 in Fire Magic
  3317 | D:6      | Found an ancient bone altar of Kikubaaqudgha.
  3325 | D:6      | Noticed Edmund
  3435 | D:6      | Slain by Edmund

Illustrated notes

Levels and vault maps discovered:
D:1:      erik_arrival_blinker_ship, layout_basic
D:2:      layout_loops_ring, ebering_ecumenical_altar_petrified, basic_altar
D:3:      layout_basic
D:5:      layout_basic, minmay_temple_entry_fiery, uniq_grinder, uniq_sigmund
D:6:      layout_gridville, chequers_temple_overflow_minitemple,
          tgw_kikubaaqudgha, uniq_edmund, uniq_pikel

Skill      XL: |  1  2  3  4  5  6  7 |
---------------+----------------------+-----
Fighting       | 1 2 3 4 |  4.1
Stealth        | 3 4 5 |  5.3
Spellcasting   | 4 5 |  5.5
Fire Magic     | 4 5 |  5.1
Dodging        | |  2.4
Conjurations   | |  1.1

Action                   |  1- 3 |  4- 6 |  7- 9 || total
-------------------------+-------+-------+-------++-------
Melee: Unarmed           |     1 |    11 |       ||    12
       Dagger            |       |       |     5 ||     5
 Cast: Foxfire           |    91 |   101 |    42 ||   234
  Use: Potion            |       |     5 |       ||     5
       Scroll            |       |     3 |     4 ||     7
Armor: Robe              |     2 |     5 |     1 ||     8
       Skin              |       |    90 |       ||    90
Dodge: Dodged            |    17 |    23 |     5 ||    45

Table legend: (Time is in decaauts)
 A = Elapsed time spent in this place.
 B = Non-inter-level travel time spent in this place.
 C = Inter-level travel time spent in this place.
 D = Time resting spent in this place.
 E = Time spent auto-exploring this place.
 F = Levels seen in this place.
 G = Mean time per level.
                   A        B        C        D        E       F      G
               +--------+--------+--------+--------+--------+-----+--------+
         Total |   3431 |   3378 |     53 |      0 |   2819 |   5 |  686.2 |
       Dungeon |   3431 |   3378 |     53 |      0 |   2819 |   5 |  686.2 |
               +--------+--------+--------+--------+--------+-----+--------+

Top non-repeatable levels by time:
     D:2: 1186 daAuts
     D:5: 1006 daAuts
     D:1: 1002 daAuts
     D:3: 119 daAuts
     D:6: 116 daAuts
